 Dungeon Crawl Stone Soup version 0.31-a0-1068-g5939ac1 (webtiles) character file.

Game seed: 3532092328680356073

2245819 DevouringOne the Middleweight Champion (level 24, 246/292 HPs)
             Began as a Merfolk Fighter on Nov 24, 2023.
             Was an Initiate of Gozag.
             Escaped with the Orb
             ... and 3 runes!
             The game lasted 01:12:18 (37069 turns).

DevouringOne the Middleweight Champion (MfFi)      Turns: 37069, Time: 01:12:18

Health: 246/292    AC: 41    Str: 26    XL:     24   Next: 30%
Magic:  23/23      EV: 13    Int: 10    God:    Gozag
Gold:   1332       SH: 13    Dex: 10    Spells: 23/23 levels left

rFire   + .          .
                       - Unarmed
rCold   + + .        c - +2 tower shield
rNeg    + . .        C - melded +1 steam dragon scales
rPois   ∞            i - +2 helmet
rElec   +            d - scarf {repulsion}
rCorr   +            e - melded +2 pair of gloves
SInv    +            j - melded +0 pair of boots
Will    +++..        H - amulet of the Briny Deep {Acrobat rElec rPois rF++ Str-3 Int+3}
Stlth   +            Y - ring of Zyifet {Will+++ rCorr Dex-5 Slay+2 SInv}
HPRegen 0.68/turn    t - ring "Nuhuoqim" {rC++ Will- Str+3 Slay+4}
MPRegen 0.18/turn

%: repel missiles, acrobat
@: statue-form, studying 3 skills, very slow
A: slow and powerful, torment resistance 1, boosted hp, (nimble swimmer 2),
mertail, heat vulnerability 1
0: Orb of Zot
}: 3/15 runes: barnacled, silver, gossamer
a: Begin Untransformation, Renounce Religion, Potion Petition, Call Merchant,
Bribe Branch


You escaped.
You worshipped Gozag.
Gozag was most pleased with you.
You were a living statue of rough stone.
You visited 9 branches of the dungeon, and saw 45 of its levels.
You visited the Abyss 1 time.
You visited 1 ziggurat, and saw 8 of its levels.
You also visited: Ossuary, Gauntlet and Ice Cave.

You collected 21847 gold pieces.
You spent 5000 gold pieces at shops.
You paid 15515 gold pieces to Gozag.

Inventory:

Missiles
 p - 7 throwing nets
 E - 6 curare-tipped darts
Armour
 c - a +2 tower shield (worn)
 d - a scarf of repulsion (worn)
 e - a +2 pair of gloves (melded)
 i - a +2 helmet (worn)
 j - a +0 pair of boots (melded)
 C - +1 steam dragon scales (melded)
Jewellery
 k - an amulet of regeneration
 t - the ring "Nuhuoqim" (right fist) {rC++ Will- Str+3 Slay+4}
   (You found it in an ice cave)

   [ring of slaying]

   Str+3:     It affects your strength (+3).
   Slay+4:    It affects your accuracy & damage with ranged weapons and melee
   (+4).
   rC++:      It greatly protects you from cold.
   Will-:     It decreases your willpower.
 w - a ring of positive energy
 H - the amulet of the Briny Deep (around neck) {Acrobat rElec rPois rF++ Str-3 Int+3}
   (You found it on level 7 of a ziggurat)

   [amulet of the acrobat]

   Acrobat:   It increases your evasion while moving and waiting.
   Str-3:     It affects your strength (-3).
   Int+3:     It affects your intelligence (+3).
   rF++:      It greatly protects you from fire.
   rElec:     It insulates you from electricity.
   rPois:     It protects you from poison
 L - the ring "Anaduesk" {rElec rF+ EV+5 Int+6}
   (You bought it in a shop on level 2 of the Orcish Mines)

   [ring of evasion]

   EV+5:      It affects your evasion (+5).
   Int+6:     It affects your intelligence (+6).
   rF+:       It protects you from fire.
   rElec:     It insulates you from electricity.
 Y - the ring of Zyifet (left fist) {Will+++ rCorr Dex-5 Slay+2 SInv}
   (You bought it in a shop on level 14 of the Dungeon)

   [ring of see invisible]

   Dex-5:     It affects your dexterity (-5).
   Slay+2:    It affects your accuracy & damage with ranged weapons and melee
   (+2).
   Will+++:   It greatly increases your willpower.
   SInv:      It lets you see invisible.
   rCorr:     It protects you from acid and corrosion.
Talismans
 V - a granite talisman (active)
Wands
 u - a wand of digging (4)
 A - a wand of iceblast (20)
 B - a wand of charming (36)
 D - a wand of flame (97)
 N - a wand of mindburst (39)
 O - a wand of acid (16)
 R - a wand of polymorph (17)
Scrolls
 f - 11 scrolls of immolation
 g - 14 scrolls of teleportation
 l - 6 scrolls of vulnerability
 s - 5 scrolls of fear
 v - 7 scrolls of noise
 F - 3 scrolls of torment
 G - 8 scrolls of poison
 I - a scroll of amnesia
Potions
 b - 5 potions of lignification
 h - a potion of invisibility
 m - 7 potions of mutation
 n - 10 potions of enlightenment
 x - 7 potions of curing
 J - 3 potions of heal wounds
 M - 6 potions of berserk rage
 P - a potion of might
 Q - 5 potions of attraction
 S - 2 potions of brilliance
 T - a potion of haste
 W - 4 potions of resistance
 X - 4 potions of cancellation
Miscellaneous
 o - a lightning rod (4/4)
 z - a phial of floods
 U - a sack of spiders (inert)
 Z - a tin of tremorstones (2/2)


   Skills:
 + Level 26.9 Fighting
 - Level 9.0 Polearms
 - Level 2.1 Armour
 - Level 12.0 Dodging
 - Level 3.0 Shields
 O Level 27 Unarmed Combat
 - Level 25.0 Shapeshifting


You had 23 spell levels left.
You didn't know any spells.
Your spell library contained the following spells:

 Spells                   Type           Power      Damage    Failure   Level
 Apportation              Tloc           0%         N/A       90%         1
 Magic Dart               Conj           0%         1d3       90%         1
 Necrotise                Necr           0%         1d4       90%         1
 Sting                    Tmut/Pois      0%         1d3       90%         1
 Summon Small Mammal      Summ           0%         N/A       90%         1
 Blink                    Tloc           0%         N/A       97%         2
 Call Imp                 Summ           0%         N/A       97%         2
 Cigotuvi's Dreadful Rot  Necr/Pois/Air  0%         N/A       97%         2
 Ensorcelled Hibernation  Hex/Ice        0%         N/A       97%         2
 Jinxbite                 Hex            0%         N/A       97%         2
 Lesser Beckoning         Tloc           0%         N/A       97%         2
 Momentum Strike          Conj/Tloc      0%         3d8       97%         2
 Passwall                 Tmut/Erth      0%         N/A       97%         2
 Poisonous Vapours        Pois/Air       0%         N/A       97%         2
 Wereblood                Tmut           0%         N/A       97%         2
 Call Canine Familiar     Summ           0%         N/A       99%         3
 Dazzling Flash           Conj/Hex       0%         N/A       99%         3
 Gell's Gravitas          Tloc           0%         N/A       99%         3
 Ignite Poison            Fire/Tmut/Pois 0%         N/A       99%         3
 Inner Flame              Hex/Fire       0%         N/A       99%         3
 Mephitic Cloud           Conj/Pois/Air  0%         N/A       99%         3
 Stone Arrow              Conj/Erth      0%         3d7       99%         3
 Summon Guardian Golem    Hex/Summ       0%         N/A       99%         3
 Teleport Other           Tloc           0%         N/A       99%         3
 Volatile Blastmotes      Fire/Tloc      0%         2d10      99%         3
 Anguish                  Hex/Necr       0%         N/A       100%        4
 Animate Armour           Summ/Erth      0%         N/A       100%        4
 Cause Fear               Hex            0%         N/A       100%        4
 Leda's Liquefaction      Hex/Erth       0%         N/A       100%        4
 Olgreb's Toxic Radiance  Pois           0%         N/A       100%        4
 Passage of Golubria      Tloc           0%         N/A       100%        4
 Summon Lightning Spire   Summ/Air       0%         N/A       100%        4
 Freezing Cloud           Conj/Ice/Air   0%         6-21      100%        5
 Iskenderun's Battlesphe  Conj           0%         2d6       100%        5
 Lee's Rapid Deconstruct  Erth           0%         3d4*      100%        5
 Silence                  Hex/Air        0%         N/A       100%        5
 Yara's Violent Unravell  Hex/Tmut       0%         3d3       100%        5
 Bombard                  Conj/Erth      0%         9d1       100%        6
 Dispersal                Tloc           0%         N/A       100%        6
 Starburst                Conj/Fire      0%         6d3       100%        6
 Enfeeble                 Hex            0%         N/A       100%        7
 Malign Gateway           Summ/Tloc      0%         N/A       100%        7
 Orb of Destruction       Conj           0%         9d5       100%        7
 Spellforged Servitor     Conj/Summ      0%         N/A       100%        7
 Summon Hydra             Summ           0%         N/A       100%        7
 Lehudib's Crystal Spear  Conj/Erth      0%         10d2      100%        8
 Maxwell's Capacitive Co  Air            0%         ∞         100%        8
 Summon Horrible Things   Summ           0%         N/A       100%        8
 Sublimation of Blood     Necr           Unusable   N/A       N/A         2

Dungeon Overview and Level Annotations

Branches:
Dungeon (15/15)            Temple (1/1) D:5            Lair (5/5) D:9
 Shoals (4/4) Lair:3       Spider (4/4) Lair:2        Slime (0/5) Lair:4
    Orc (2/2) D:12            Elf (0/3) Orc:2        Vaults (5/5) D:14
  Crypt (0/3) Vaults:3     Depths (4/4) D:15            Zot (5/5) Depths:4
Ossuary (visited)           IceCv (visited)         Gauntlet (visited)

Altars:
Ashenzari
Cheibriados
Dithmenos
Elyvilon
Fedhas
Gozag
Hepliaklqana
Kikubaaqudgha
Makhleb
Nemelex Xobeh
Okawaru
Qazlal
Ru
Sif Muna
Trog
Uskayaw
Vehumet
Wu Jian
Xom
Yredelemnul
Zin
The Shining One
Jiyva

Shops:
D:2 (   D:7 **   D:8 =   D:14 =   Orc:1 :   Orc:2 =**   Lair:1 ?   Lair:3 *
Lair:5 ?=   Shoals:1 *   Shoals:3 ?[!(   Vaults:1 :   Vaults:3 [!
Depths:3 ::=

Portals:
Hell: Depths:3
Pandemonium: Depths:2

Annotations:
D:3 Grinder
D:11 4 transporters
Temple 2 transporters
Lair:2 exclusion: 3 oklob plants
Shoals:2 1 runed translucent door, Rekiusupn's ghost, adept MiGl
Shoals:3 Mlioglotl


Innate Abilities, Weirdness & Mutations

You are a living statue of rough stone.
Your actions are slow, but your melee attacks are powerful.
You are resistant to unholy torment.
Your maximum health is greatly increased.
Your equipment is partially melded.
You are immune to poison.
((You are very nimble when in or above water. (Stealth+, EV+, Speed+++)))
Your lower body shifts to a powerful aquatic tail in water.
You are vulnerable to heat. (rF-)


Message History

You hit the moth of wrath.
The moth of wrath is lightly wounded.
The moth of wrath bites you but does no damage.
The demonspawn corrupter calls forth creatures from the Crypt!
The moth of wrath attacks as it pursues you!
The moth of wrath completely misses you.
The demonspawn corrupter calls forth creatures from the Tomb of the Ancients!
The moth of wrath completely misses you.
Aiming: Dig
Press: ? - help, Q - select action, (/) - cycle Shift-Dir - straight line You can't see that place.
The rock shatters into small pieces.
The moth of wrath disappears in a puff of smoke!
The vampire knight disappears in a puff of smoke!
The demonspawn corrupter calls forth creatures from the Realm of Zot!
The golden dragon disappears in a puff of smoke!
The flayed ghost disappears in a puff of smoke!
The white draconian stormcaller calls down the wrath of Qazlal upon you.
Qazlal smites you!
There is an open door here.
You are no longer corroded.
The green draconian roars!
Blink to where?
Press: ? - help, Q - select action, (/) - cycle Dir - move target
As you read the scroll of blinking, it crumbles to dust.
The ice dragon roars deafeningly!
Blink to where?
Press: ? - help, Q - select action, (/) - cycle Dir - move target
As you read the scroll of blinking, it crumbles to dust.
Your extra speed is starting to run out.
The red draconian roars!
Read: scroll of butterflies
Press: ? - help, Q - select action, (/) - cycle Dir - look around, f - activate
As you read the scroll of butterflies, it crumbles to dust.
You hear the flapping of tiny wings.
You feel yourself slow down.
You swap places.
There is a staircase leading out of the dungeon here.
You can't go down here!
You have escaped!

#...........6.6#
######..##.##.#6
#............
#############
####### ####
#^#D#^#######d#X
########X#D#D####
##bbbbbb#######...
#8.bbbbb........##
##bbbbbb....#####D
############D#D##
#D#d#*#^#D#####
###########


You could see a shadow dragon.

Vanquished Creatures
  5 dread liches
  6 ancient liches
  An orb of fire (Zot:5)
  Mennas (Depths:4)
  Mara (Vaults:5)
  Sojobo (Vaults:4)
  Bai Suzhen (Vaults:2)
  5 Killer Klowns
  A caustic shrike (Zig:6)
  4 golden dragons
  A curse toe (Zot:5)
  A Tzitzimitl (Zot:5)
  Norris (Vaults:2)
  3 electric golems (Zot:5)
  3 tentacled monstrosities
  2 Hell Sentinels
  25 Orb Guardians
  Rupert (D:14)
  2 liches (Vaults:5)
  5 sphinxes
  3 titans (Vaults:5)
  A kraken (Shoals:4)
  Polyphemus (Shoals:3)
  3 quicksilver dragons
  A death cob (Zot:5)
  2 ancient champions
  Kirke (Shoals:3)
  7 tengu reavers
  2 draconian monks
  A daeva (Zot:3)
  4 storm dragons
  6 shadow dragons
  A nagaraja (Zig:5)
  Aizul (Shoals:1)
  Roxanne (Shoals:3)
  4 fire giants
  A draconian knight (Zig:8)
  18 vault wardens
  A quicksilver elemental (Zig:6)
  4 frost giants
  2 emperor scorpions
  2 draconian scorchers
  2 draconian stormcallers (Zig:8)
  2 draconian shifters
  A cacodemon (D:10)
  7 ghost moths
  An orc warlord (Orc:1)
  7 ironbound preservers
  4 stone giants
  11 ironbound thunderhulks
  2 formless jellyfish
  Nessos (D:14)
  4 broodmothers
  A vampire knight (Depths:2)
  8 very ugly things
  A reaper (Depths:2)
  2 black draconians
  A deep elf demonologist (Vaults:5)
  2 green draconians
  A lorocyproca (Depths:2)
  2 red draconians
  3 white draconians
  2 purple draconians
  2 yellow draconians
  13 dire elephants
  A bunyip (shapeshifter) (Vaults:5)
  A minotaur (Gauntlet)
  5 spark wasps
  2 eidola (Vaults:2)
  9 ettins
  2 deep elf death magi
  An iron golem (Zig:6)
  A blizzard demon (Zot:5)
  Snorg (Orc:1)
  5 merfolk impalers
  Josephine (Lair:4)
  7 merfolk javelineers
  19 yaktaur captains
  3 fire dragons
  An entropy weaver (Vaults:5)
  A hell beast (Depths:3)
  3 deep elf high priests (Vaults:5)
  Harold (D:10)
  8 ogre magi
  2 salamander tyrants
  A peacekeeper (Vaults:3)
  2 hydras (Lair:5)
  27 vault guards
  2 rakshasas
  3 great orbs of eyes
  8 ice dragons
  10 merfolk aquamancers
  24 two-headed ogres
  5 centaur warriors
  6 ironbound frosthearts
  2 catoblepae
  5 merfolk avatars
  Erica (D:10)
  6 radroaches
  An alligator snapping turtle (Shoals:4)
  An alligator snapping turtle (shapeshifter) (D:15)
  5 boulder beetles
  3 deep troll shamans
  2 deep troll earth magi
  5 demonic crawlers
  13 death yaks
  A tengu warrior (Depths:2)
  2 occultists
  2 shock serpents (Zig:5)
  A soul eater (Depths:2)
  7 hell knights
  A fire crab (shapeshifter) (D:15)
  3 sun demons
  2 pharaoh ants (Spider:3)
  5 sun moths
  Sonja (D:10)
  A sixfirhy (Zot:1)
  A wretched star (Abyss:2)
  6 skysharks
  2 crystal echidnas
  A skyshark (shapeshifter) (Vaults:5)
  Lodul (D:14)
  5 sea snakes
  A death drake (Zig:3)
  21 deep trolls
  8 orb spiders
  3 glowing orange brains
  8 lindwurms
  An orange crystal statue (IceCv)
  2 shadow demons (Zot:3)
  6 necromancers
  4 steelbarb worms
  6 arcanists
  A deep elf zephyrmancer (Orc:2)
  6 phantasmal warriors
  4 deep elf pyromancers
  2 orc knights
  A mana viper (Zig:5)
  16 wolf spiders
  12 ironbound convokers
  3 oklob plants (Lair:4)
  36 harpies
  43 ugly things
  3 orc sorcerers
  A manticore (shapeshifter) (Vaults:5)
  A human zombie (Vaults:3)
  8 fauns
  12 manticores
  14 elephants
  A worldbinder (Abyss:2)
  A salamander (shapeshifter) (Vaults:5)
  12 moths of wrath
  7 cyclopes
  7 merfolk sirens
  39 slime creatures
  5 black mambas
  2 large abominations (Zot:5)
  5 torpor snails
  3 water nymphs
  24 vault sentinels
  A black mamba (shapeshifter) (D:9)
  A human skeleton (Vaults:3)
  A naga mage (Zig:5)
  An orange demon (D:10)
  14 cane toads
  A smoke demon (Depths:2)
  Maggie (D:7)
  2 hellions
  3 kobold demonologists
  5 storm dragon simulacra (IceCv)
  A tengu conjurer (Depths:4)
  63 yaktaurs
  9 komodo dragons
  A yaktaur (shapeshifter) (D:14)
  A yaktaur skeleton (Vaults:3)
  24 merfolk
  7 trolls
  A meliai (shapeshifter) (Vaults:5)
  A hellwing (Zot:4)
  A merfolk (shapeshifter) (Vaults:4)
  4 golden dragon simulacra (IceCv)
  3 meliai (Spider:3)
  6 wind drakes
  A hornet (D:10)
  A hornet (shapeshifter) (Vaults:5)
  20 blink frogs
  2 polar bears
  13 tarantellas
  A glass eye (Lair:2)
  4 raiju (Abyss:2)
  4 snapping turtles
  7 jumping spiders
  4 centaur simulacra
  2 shadows
  2 small abominations (Abyss:2)
  10 culicivoras
  2 ynoxinuls
  12 water elementals
  A jumping spider (shapeshifter) (D:15)
  5 wraiths
  16 humans (D:14)
  72 yaks
  5 wyverns
  Grum (D:11)
  3 hogs (Shoals:3)
  5 basilisks
  2 steam dragons (Lair:2)
  20 redbacks
  4 vampire mosquitoes (D:11)
  4 chaos spawn
  2 wargs
  Menkaure (D:7)
  3 swamp worms (Gauntlet)
  21 water moccasins
  An ogre zombie (Vaults:3)
  A hydra simulacrum (Gauntlet)
  2 acid dragons
  3 ice beasts
  3 hell hounds (Zot:5)
  2 swamp drakes
  4 ice dragon simulacra (IceCv)
  12 orc warriors
  A sky beast (D:7)
  4 black bears
  20 wolves
  5 centaurs
  A tengu (shapeshifter) (D:14)
  3 boggarts (Vaults:1)
  35 ogres
  Blork the orc (Orc:2)
  6 kobold brigands
  10 bullfrogs
  6 scorpions
  5 killer bees (D:11)
  8 lindwurm simulacra (IceCv)
  3 electric eels
  A howler monkey (D:10)
  A crimson imp (Orc:2)
  A quasit (D:14)
  3 jellies
  6 hounds
  A gnoll bouda (D:4)
  7 orc priests
  An iron imp (Orc:2)
  A sleepcap (D:6)
  2 iguanas (D:5)
  11 orc wizards
  A boggart simulacrum (Gauntlet)
  4 mummies
  Robin (D:2)
  4 gnolls (D:4)
  5 adders
  2 shadow imps
  3 white imps
  An ufetubus (Abyss:2)
  A worm (D:2)
  3 dart slugs
  40 orcs
  3 ball pythons
  5 bats
  7 endoplasms
  5 giant cockroaches
  10 goblins
  9 hobgoblins
  2 jackals (D:1)
  A frilled lizard (D:1)
  A gnoll zombie (Ossuary)
  2 goblin zombies (Ossuary)
  5 hobgoblin zombies (Ossuary)
  25 kobolds
  2 kobold zombies (Ossuary)
  6 rats
1515 creatures vanquished.

Vanquished Creatures (collateral kills)
  3 Orb Guardians (Zot:5)
  A draconian knight (Zot:5)
  An ironbound preserver (Vaults:5)
5 creatures vanquished.

Vanquished Creatures (others)
  A dread lich (Zot:5)
  An ancient lich (Zot:5)
  An orb of fire (Zot:5)
  A Killer Klown (Zot:5)
  A lich (Vaults:5)
  2 Orb Guardians (Zot:5)
  A draconian knight (Zig:8)
  A deep elf high priest (Vaults:5)
  A catoblepas (Shoals:3)
  A large abomination (Zot:4)
  A culicivora (Spider:4)
  An orc warrior (D:15)
  An orc wizard (Orc:2)
  An orc (Orc:2)
  2 starspawn tentacles (Shoals:3)
  4 tentacles (Shoals:4)
21 creatures vanquished.

Grand Total: 1541 creatures vanquished

Notes
Turn   | Place    | Note
-------+----------+-------------------------------------------
     0 | D:1      | DevouringOne the Merfolk Fighter began the quest for the
                  | Orb.
     0 | D:1      | Reached XP level 1. HP: 18/18 MP: 1/1
     0 | D:1      | Noticed a shadow dragon
     1 | D:1      | Noticed a red draconian
     2 | D:1      | Noticed a golden dragon
     4 | D:1      | Noticed an orb of fire
     7 | D:1      | Noticed a large abomination
     8 | D:1      | Noticed an iron dragon
     9 | D:1      | Noticed an iron dragon
    10 | D:1      | Noticed a shadow dragon
    12 | D:1      | Noticed an ice dragon
    14 | D:1      | Noticed a yellow draconian
    14 | D:1      | Noticed a shadow dragon
    15 | D:1      | Noticed a large abomination
    17 | D:1      | Noticed a shadow dragon
    19 | D:1      | Noticed a green draconian
    21 | D:1      | Noticed a tentacled monstrosity
    21 | D:1      | Noticed a large abomination
   117 | D:1      | Reached XP level 2. HP: 15/24 MP: 2/2
   649 | D:2      | Reached XP level 3. HP: 30/30 MP: 3/3
   668 | D:2      | Noticed a black bear
   673 | D:2      | Killed a black bear
   674 | D:2      | Reached XP level 4. HP: 33/38 MP: 4/4
   733 | D:2      | Found Akkoniqi's Weapon Emporium.
   756 | D:2      | Reached XP level 5. HP: 25/43 MP: 5/5
   892 | D:2      | Found a sacrificial altar of Ru.
  1204 | D:2      | Noticed Robin
  1228 | D:2      | Killed Robin
  1442 | D:2      | Found a faded altar of an unknown god.
  1734 | D:3      | Noticed Grinder
  1734 | D:3      | Paralysed by Grinder for 5 turns
  1746 | D:3      | Paralysed by Grinder for 2 turns
  1879 | D:3      | Reached skill level 5 in Polearms
  2172 | D:4      | Reached skill level 5 in Fighting
  2191 | D:4      | Noticed a steam dragon
  2247 | D:3      | Reached XP level 6. HP: 51/51 MP: 6/6
  3119 | D:4      | Reached XP level 7. HP: 42/56 MP: 7/7
  3333 | D:5      | Entered Level 5 of the Dungeon
  3378 | D:5      | Found a staircase to the Ecumenical Temple.
  3385 | Temple   | Found a transporter.
  3385 | Temple   | Found a transporter.
  3385 | Temple   | Found a transporter.
  3385 | Temple   | Found a transporter.
  3385 | Temple   | Entered the Ecumenical Temple
  3402 | Temple   | Became a worshipper of Gozag Ym Sagoz the Greedy
  3480 | D:5      | Reached skill level 5 in Shapeshifting
  3775 | D:5      | Identified the +1 longbow of Honour {freeze, rF++ Int+2
                  | Stlth-}
  3932 | D:5      | Reached XP level 8. HP: 64/64 MP: 8/8
  4244 | D:6      | Found a sand-covered staircase.
  4258 | Ossuary  | Entered an ossuary
  4258 | Ossuary  | Noticed a wraith
  4258 | Ossuary  | Noticed a wraith
  4258 | Ossuary  | Noticed a wraith
  4314 | Ossuary  | Identified the ring "Hioxtaig" {rPois rF+ rCorr Str-2
                  | Dex+6}
  4474 | Ossuary  | Identified a scroll of acquirement
  4474 | Ossuary  | Acquired the +3 demon trident of the Pyrrhic Victory {elec,
                  | rC+ SInv}
  4580 | Ossuary  | Noticed a wraith
  4587 | Ossuary  | Killed a wraith
  4692 | D:6      | Found a glowing golden altar of the Shining One.
  4860 | D:7      | Reached XP level 9. HP: 63/72 MP: 9/9
  4922 | D:7      | Noticed Menkaure
  4927 | D:7      | Killed Menkaure
  4979 | D:7      | Found Feiph's Fire Supplies.
  4988 | D:7      | Noticed Maggie
  4993 | D:7      | Killed Maggie
  5022 | D:7      | Bought a scroll of immolation for 48 gold pieces
  5247 | D:7      | Identified the +2 chain mail "Luosem Beju" {Harm Will+
                  | Int-4}
  5294 | D:7      | Found Odghom's General Store.
  5302 | D:7      | Bought a scroll of fear for 64 gold pieces
  5426 | D:8      | Found Cureomeng's Jewellery Boutique.
  5437 | D:8      | Reached skill level 10 in Shapeshifting
  5447 | D:8      | Bought a serpent talisman for 330 gold pieces
  5687 | D:8      | Reached skill level 1 in Unarmed Combat
  5955 | D:9      | Reached skill level 2 in Unarmed Combat
  5976 | D:9      | Reached skill level 3 in Unarmed Combat
  5976 | D:9      | Reached XP level 10. HP: 78/80 MP: 10/10
  6093 | D:9      | Reached skill level 4 in Unarmed Combat
  6157 | D:9      | Found a staircase to the Lair.
  6417 | D:9      | Reached skill level 5 in Unarmed Combat
  6567 | D:9      | Noticed a deep elf pyromancer
  6567 | D:9      | Noticed a boulder beetle
  6567 | D:9      | Noticed a black mamba
  6567 | D:9      | Noticed a cyclops
  6576 | D:9      | Killed a black mamba
  6580 | D:9      | Killed a deep elf pyromancer
  6581 | D:9      | Reached skill level 6 in Unarmed Combat
  6585 | D:9      | HP: 4/96 [boulder beetle (16)]
  6589 | D:9      | Killed a boulder beetle
  6590 | D:9      | Reached XP level 11. HP: 40/86 MP: 11/11
  6695 | D:9      | Killed a cyclops
  6949 | D:10     | Entered Level 10 of the Dungeon
  7119 | D:10     | Noticed Erica
  7128 | D:10     | Killed Erica
  7129 | D:10     | Reached skill level 7 in Unarmed Combat
  7200 | D:10     | Found an ancient bone altar of Kikubaaqudgha.
  7202 | D:10     | Found a hide-covered altar of Uskayaw.
  7336 | D:10     | Noticed Sonja
  7340 | D:10     | Killed Sonja
  7341 | D:10     | Reached skill level 15 in Shapeshifting
  7669 | D:10     | Noticed Harold
  7671 | D:10     | Noticed a two-headed ogre
  7682 | D:10     | Killed a two-headed ogre
  7691 | D:10     | Killed Harold
  7692 | D:10     | Reached skill level 8 in Unarmed Combat
  8013 | D:11     | Noticed Grum
  8031 | D:11     | Killed Grum
  8331 | D:11     | Noticed a cyclops
  8339 | D:11     | Killed a cyclops
  8418 | D:11     | Found a transporter.
  8455 | D:11     | Found a transporter.
  8625 | D:11     | Found a transporter.
  8629 | D:11     | Found a transporter.
  8771 | D:11     | Noticed a cyclops
  8779 | D:11     | Killed a cyclops
  8842 | D:11     | Reached skill level 9 in Unarmed Combat
  9064 | D:12     | Noticed a manticore
  9067 | D:12     | Killed a manticore
  9068 | D:12     | Reached XP level 12. HP: 92/92 MP: 12/12
  9359 | D:12     | Found a staircase to the Orcish Mines.
  9532 | Orc:1    | Entered Level 1 of the Orcish Mines
  9532 | Orc:1    | Found Zihoaph's Book Boutique.
  9538 | Orc:1    | Noticed an orc warlord
  9570 | Orc:1    | Killed an orc warlord
  9850 | Orc:2    | Entered Level 2 of the Orcish Mines
  9897 | Orc:2    | Found a gate leading to a gauntlet.
  9932 | Gauntlet | Entered a Gauntlet
  9932 | Gauntlet | Found a transporter.
  9945 | Gauntlet | Found a transporter.
  9956 | Gauntlet | Found a transporter.
  9961 | Gauntlet | Found a transporter.
  9970 | Gauntlet | Noticed a six-headed hydra
  9978 | Gauntlet | Found a transporter.
  9996 | Gauntlet | Found a transporter.
 10008 | Gauntlet | Found a transporter.
 10016 | Gauntlet | Found a large runed translucent door.
 10017 | Gauntlet | Found a large runed translucent door.
 10017 | Gauntlet | Noticed a six-headed hydra
 10018 | Gauntlet | Found a large runed translucent door.
 10018 | Gauntlet | Found a large runed translucent door.
 10019 | Gauntlet | Found a runed translucent gate.
 10020 | Gauntlet | Found a transporter.
 10020 | Gauntlet | Found a runed translucent gate.
 10021 | Gauntlet | Found a runed translucent gate.
 10022 | Gauntlet | Found a large runed translucent door.
 10022 | Gauntlet | Found a large runed translucent door.
 10023 | Gauntlet | Found a large runed translucent door.
 10024 | Gauntlet | Found a large runed translucent door.
 10032 | Gauntlet | Found a transporter.
 10044 | Gauntlet | Found a transporter.
 10061 | Gauntlet | Found a transporter.
 10079 | Gauntlet | Found a transporter.
 10083 | Gauntlet | Found a transporter.
 10108 | Gauntlet | Found a transporter.
 10110 | Gauntlet | Found a transporter.
 10163 | Gauntlet | Found a transporter.
 10164 | Gauntlet | Found a transporter.
 10165 | Gauntlet | Found a large runed translucent door.
 10166 | Gauntlet | Found a large runed translucent door.
 10166 | Gauntlet | Found a large runed translucent door.
 10166 | Gauntlet | Found a large runed translucent door.
 10173 | Gauntlet | Found a large runed translucent door.
 10173 | Gauntlet | Found a large runed translucent door.
 10173 | Gauntlet | Found a runed translucent door.
 10173 | Gauntlet | Found a runed translucent door.
 10175 | Gauntlet | Found a large runed translucent door.
 10176 | Gauntlet | Found a large runed translucent door.
 10196 | Gauntlet | Found a transporter.
 10363 | Gauntlet | Identified the ring of Understanding {Ice +Blink Fly rCorr
                  | Int-3}
 10377 | Gauntlet | Reached skill level 10 in Unarmed Combat
 10484 | Gauntlet | Noticed a minotaur
 10488 | Gauntlet | Killed a minotaur
 10502 | Gauntlet | Identified the +1 pair of gloves of the Grape {rPois Int+4}
 10502 | Gauntlet | Identified the +10 plate armour of the Witching Gods {Harm
                  | rC- MP-9 Dex+8}
 10719 | Orc:1    | Noticed Snorg
 10724 | Orc:1    | Killed Snorg
 10879 | Orc:2    | Noticed Blork the orc
 10887 | Orc:2    | Killed Blork the orc
 10951 | Orc:2    | Identified the +0 hat of Incorporation {rN+ Int+3}
 11117 | Orc:2    | Noticed a two-headed ogre
 11121 | Orc:2    | Killed a two-headed ogre
 11133 | Orc:2    | Noticed a two-headed ogre
 11135 | Orc:2    | Noticed a two-headed ogre
 11136 | Orc:2    | Noticed a two-headed ogre
 11137 | Orc:2    | Noticed a two-headed ogre
 11143 | Orc:2    | Noticed an ogre mage
 11146 | Orc:2    | Noticed a two-headed ogre
 11154 | Orc:2    | Killed an ogre mage
 11155 | Orc:2    | Reached skill level 11 in Unarmed Combat
 11224 | Orc:2    | Killed a two-headed ogre
 11225 | Orc:2    | Reached XP level 13. HP: 98/98 MP: 13/13
 11371 | Orc:2    | Reached skill level 12 in Unarmed Combat
 11517 | Orc:2    | Found Pehurio's Jewellery Emporium.
 11517 | Orc:2    | Found Kutup's Magic Scroll Shop.
 11568 | Orc:2    | Found Emalum's Assorted Antiques.
 11569 | Orc:2    | Found Gogil's General Store.
 11576 | Orc:2    | Bought a scroll of poison for 60 gold pieces
 11576 | Orc:2    | Bought a scroll of immolation for 60 gold pieces
 11576 | Orc:2    | Bought a scroll of teleportation for 45 gold pieces
 11576 | Orc:2    | Bought a scroll of identify for 30 gold pieces
 11576 | Orc:2    | Bought a scroll of revelation for 112 gold pieces
 11576 | Orc:2    | Bought a scroll of identify for 30 gold pieces
 11576 | Orc:2    | Bought a scroll of immolation for 60 gold pieces
 11576 | Orc:2    | Bought a scroll of poison for 60 gold pieces
 11576 | Orc:2    | Bought 3 scrolls of blinking for 337 gold pieces
 11578 | Orc:2    | Bought the ring "Anaduesk" {rElec rF+ EV+5 Int+6} for 904
                  | gold pieces
 11582 | Orc:2    | Bought a potion of curing for 54 gold pieces
 11583 | Orc:2    | Bought a scroll of blinking for 232 gold pieces
 11583 | Orc:2    | Bought a scroll of teleportation for 93 gold pieces
 11630 | Orc:2    | Found a staircase to the Elven Halls.
 11876 | Lair:1   | Entered Level 1 of the Lair of Beasts
 12153 | Lair:1   | Bought a scroll of fear for 72 gold pieces
 12153 | Lair:1   | Bought a scroll of immolation for 72 gold pieces
 12153 | Lair:1   | Bought a scroll of poison for 72 gold pieces
 12153 | Lair:1   | Bought a scroll of revelation for 135 gold pieces
 12702 | Lair:2   | Reached XP level 14. HP: 105/105 MP: 14/14
 12796 | Lair:2   | Found a hole to the Spider Nest.
 12923 | Lair:2   | Reached skill level 13 in Unarmed Combat
 13734 | Lair:3   | Found a staircase to the Shoals.
 14195 | Lair:3   | You are sucked into a shaft and drop 2 floors!
 14195 | Lair:5   | Entered Level 5 of the Lair of Beasts
 14247 | Lair:5   | Reached skill level 14 in Unarmed Combat
 14799 | Lair:5   | Reached XP level 15. HP: 110/110 MP: 15/15
 14881 | Lair:5   | Bought a scroll of fog for 80 gold pieces
 14881 | Lair:5   | Bought a scroll of poison for 80 gold pieces
 15074 | Lair:5   | Reached skill level 15 in Unarmed Combat
 15408 | Lair:4   | Noticed Josephine
 15413 | Lair:4   | Killed Josephine
 15833 | Lair:4   | Found a viscous altar of Jiyva.
 15835 | Lair:4   | Found a staircase to the Slime Pits.
 17202 | D:13     | Identified the +8 trident of Zira {speed, Will+ Int+2}
 17441 | D:14     | Noticed Nessos
 17441 | D:14     | Noticed Lodul
 17441 | D:14     | Found a gate to the Vaults.
 17513 | D:14     | Killed Nessos
 17522 | D:14     | Killed Lodul
 17637 | D:14     | Identified the +8 great sword "Putug" {vamp, rC++ rCorr
                  | Dex-4 SInv}
 17826 | D:14     | Noticed Rupert
 17826 | D:14     | Paralysed by Rupert for 3 turns
 17834 | D:14     | Killed Rupert
 17885 | D:14     | Reached skill level 16 in Unarmed Combat
 18061 | D:15     | Entered Level 15 of the Dungeon
 18087 | D:15     | Reached XP level 16. HP: 117/117 MP: 16/16
 18176 | D:15     | Found an ornate altar of the Wu Jian Council.
 18215 | D:15     | Paralysed by an orc sorcerer for 3 turns
 18334 | D:15     | Identified the +0 chain mail of Winter {Harm Int+4}
 18563 | D:15     | Reached skill level 17 in Unarmed Combat
 18642 | D:15     | Found a staircase to the Depths.
 19221 | Shoals:1 | Entered Level 1 of the Shoals
 19267 | Shoals:1 | Found Himpij's Assorted Antiques.
 19295 | Shoals:1 | Reached skill level 18 in Unarmed Combat
 19390 | Shoals:1 | Bought a scroll of fear for 116 gold pieces
 19888 | Shoals:1 | Identified the serpent talisman "Sohydoh" {rF+ Dex+5
                  | Slay-5}
 19888 | Shoals:1 | Noticed Aizul
 19900 | Shoals:1 | Killed Aizul
 19992 | Shoals:2 | Found a runed translucent door.
 19993 | Shoals:2 | Found a shimmering altar of Xom.
 19993 | Shoals:2 | Noticed Rekiusupn's ghost (adept MiGl)
 19994 | Shoals:2 | Identified the +1 quarterstaff of Severance {chaos, rElec
                  | rF+ Int+3}
 20041 | Shoals:2 | Reached skill level 19 in Unarmed Combat
 20632 | Shoals:3 | Reached XP level 17. HP: 73/122 MP: 17/17
 20636 | Shoals:3 | Reached skill level 20 in Unarmed Combat
 20820 | Shoals:3 | Found Tocydu's Armour Emporium.
 20837 | Shoals:3 | Noticed Kirke
 20851 | Shoals:3 | Killed Kirke
 20855 | Shoals:3 | Noticed Mlioglotl
 20856 | Shoals:3 | Noticed a tentacled starspawn
 20857 | Shoals:3 | Found Qirghog's Distillery.
 20858 | Shoals:3 | Noticed a tentacled starspawn
 20859 | Shoals:3 | Noticed a bone dragon
 20863 | Shoals:3 | Found Ynot's Magic Scroll Emporium.
 20921 | Shoals:3 | Noticed Roxanne
 20924 | Shoals:3 | Found Dorheogo's Weapon Shop.
 20931 | Shoals:3 | Killed Roxanne
 21053 | Shoals:3 | Bought a potion of cancellation for 88 gold pieces
 21053 | Shoals:3 | Bought a potion of curing for 33 gold pieces
 21053 | Shoals:3 | Bought a potion of haste for 110 gold pieces
 21074 | Shoals:3 | Bought a scroll of blinking for 135 gold pieces
 21082 | Shoals:3 | Found a frozen archway.
 21086 | Shoals:3 | Noticed Polyphemus
 21092 | Shoals:3 | Reached skill level 10 in Fighting
 21126 | Shoals:3 | Killed Polyphemus
 21239 | IceCv    | Entered an ice cave
 21455 | IceCv    | Noticed a golden dragon
 21481 | IceCv    | Killed a golden dragon
 21550 | IceCv    | Identified the ring "Nuhuoqim" {rC++ Will- Str+3 Slay+4}
 21552 | IceCv    | Identified the ring of Plog {Fly MP+9 Dex+3}
 22065 | D:14     | Bought the ring of Zyifet {Will+++ rCorr Dex-5 Slay+2 SInv}
                  | for 856 gold pieces
 22440 | Shoals:4 | Entered Level 4 of the Shoals
 22502 | Abyss:2  | Cast into level 2 of the Abyss (merfolk javelineer)
 22515 | Abyss:2  | Found a corrupted altar of Lugonu.
 22523 | Abyss:2  | Found a corrupted altar of Lugonu.
 22686 | Shoals:4 | Escaped the Abyss
 22745 | Shoals:4 | Got a barnacled rune of Zot
 23216 | Shoals:4 | Noticed a kraken
 23241 | Shoals:4 | Killed a kraken
 23434 | Shoals:4 | Identified the +0 chain mail of Yzerphyza {Harm}
 23694 | Spider:1 | Entered Level 1 of the Spider Nest
 23757 | Spider:1 | Reached XP level 18. HP: 147/147 MP: 18/18
 23837 | Spider:1 | Reached skill level 1 in Dodging
 24024 | Spider:1 | Reached skill level 5 in Dodging
 25008 | Spider:3 | Reached skill level 10 in Dodging
 25218 | Spider:4 | Entered Level 4 of the Spider Nest
 25575 | Spider:4 | HP: 7/192 [cloud of flame (34)]
 25576 | Spider:4 | Reached skill level 15 in Fighting
 25843 | Spider:4 | Identified the scarf "Pachel" {repulsion, rF+ Will+ Slay-4}
 25844 | Spider:4 | Identified the +0 pair of boots of Nicsicamo {Str+4}
 25876 | Spider:4 | Got a gossamer rune of Zot
 26289 | Vaults:1 | Entered Level 1 of the Vaults
 26607 | Vaults:1 | Reached skill level 21 in Unarmed Combat
 26788 | Vaults:1 | Reached XP level 19. HP: 155/155 MP: 19/19
 27307 | Vaults:2 | Reached skill level 22 in Unarmed Combat
 27681 | Vaults:2 | Noticed Bai Suzhen
 27687 | Vaults:2 | Killed Bai Suzhen
 27985 | Vaults:2 | Identified the +1 leather armour "Zivaj" {rF+ Will+}
 27996 | Vaults:2 | Reached skill level 23 in Unarmed Combat
 28484 | Vaults:2 | Noticed Norris
 28494 | Vaults:2 | Killed Norris
 28651 | Vaults:3 | Reached skill level 24 in Unarmed Combat
 28696 | Vaults:3 | Reached XP level 20. HP: 162/162 MP: 20/20
 28723 | Vaults:3 | Found a staircase to the Crypt.
 28723 | Vaults:3 | Found an ancient bone altar of Kikubaaqudgha.
 28723 | Vaults:3 | Found a basalt altar of Yredelemnul.
 29416 | Vaults:3 | Reached skill level 25 in Unarmed Combat
 29766 | Vaults:3 | Bought a +2 pair of gloves of infusion for 258 gold pieces
 29770 | Vaults:3 | Bought a potion of might for 68 gold pieces
 29770 | Vaults:3 | Bought a potion of cancellation for 136 gold pieces
 29770 | Vaults:3 | Bought a potion of haste for 170 gold pieces
 30268 | Vaults:4 | Noticed Sojobo
 30290 | Vaults:4 | Paralysed by an air elemental for 1 turns
 30292 | Vaults:4 | Killed Sojobo
 30293 | Vaults:4 | Reached skill level 26 in Unarmed Combat
 31022 | Vaults:5 | Entered Level 5 of the Vaults
 31024 | Vaults:5 | Noticed an ancient lich
 31029 | Vaults:5 | Noticed a dread lich
 31033 | Vaults:5 | Killed an ancient lich
 31051 | Vaults:5 | Killed a dread lich
 31065 | Vaults:5 | Reached XP level 21. HP: 153/168 MP: 21/21
 31080 | Vaults:5 | Reached skill level 27 in Unarmed Combat
 31088 | Vaults:5 | Identified the +10 shortbow of the Writhing Oracle {drain,
                  | Will+}
 31363 | Vaults:5 | Noticed a dread lich
 31371 | Vaults:5 | Killed a dread lich
 31372 | Vaults:5 | Noticed a dread lich
 31374 | Vaults:5 | Identified the +11 quarterstaff of Dissent {freeze, Dex+2
                  | SInv}
 31383 | Vaults:5 | Killed a dread lich
 31572 | Vaults:5 | Got a silver rune of Zot
 31982 | Vaults:5 | Identified the +5 dagger of Breach {elec, Str+2 Int+3
                  | Dex-2}
 32140 | Vaults:5 | Reached XP level 22. HP: 188/188 MP: 22/22
 32168 | Vaults:5 | Identified the +3 sling of Conscience {drain, Fragile rPois
                  | rCorr}
 32175 | Vaults:5 | Got the Tome of the Felsic Queen Bee
 32372 | Vaults:5 | Noticed an ancient lich
 32376 | Vaults:5 | Killed an ancient lich
 32440 | Vaults:5 | Noticed Mara
 32453 | Vaults:5 | Noticed DevouringOne's illusion
 32749 | Vaults:5 | Noticed DevouringOne's illusion
 32751 | Vaults:5 | Killed Mara
 32829 | Vaults:5 | Identified the +9 long sword of Gepap {spect, Dex+3}
 32834 | Vaults:5 | Identified the staff of the Blessed Realm {rElec rC+ Will+
                  | Str+4 Air}
 33202 | Depths:1 | Entered Level 1 of the Depths
 33354 | Depths:2 | Found a one-way gate leading to the halls of Pandemonium.
 33495 | Depths:3 | Found a gateway to Hell.
 33551 | Depths:3 | Found Qemudy's Jewellery Shoppe.
 33551 | Depths:3 | Found Weyv's Book Boutique.
 33552 | Depths:3 | Found Ushreaq's Book Boutique.
 33724 | Depths:4 | Entered Level 4 of the Depths
 33724 | Depths:4 | Noticed Mennas
 33725 | Depths:4 | Found a blossoming altar of Fedhas.
 33866 | Depths:4 | Killed Mennas
 33908 | Depths:4 | Found a one-way gateway to a ziggurat.
 33932 | Zig:1    | Entered Level 1 of a ziggurat
 33951 | Zig:2    | Entered Level 2 of a ziggurat
 34002 | Zig:3    | Entered Level 3 of a ziggurat
 34067 | Zig:4    | Entered Level 4 of a ziggurat
 34068 | Zig:4    | Noticed a Killer Klown
 34087 | Zig:4    | Killed a Killer Klown
 34116 | Zig:4    | Identified the +5 war axe of Caqum {holy, rF+ Str+2 Dex+2}
 34121 | Zig:5    | Entered Level 5 of a ziggurat
 34247 | Zig:5    | Identified the +0 war axe "Dah Guez" {flame, SInv}
 34248 | Zig:5    | Identified the +1 ring mail of Bad Feelings {+Inv rElec
                  | Will++ Int-3}
 34255 | Zig:6    | Entered Level 6 of a ziggurat
 34263 | Zig:6    | Noticed a caustic shrike
 34266 | Zig:6    | Killed a caustic shrike
 34398 | Zig:7    | Entered Level 7 of a ziggurat
 34543 | Zig:7    | Identified the amulet of the Briny Deep {Acrobat rElec
                  | rPois rF++ Str-3 Int+3}
 34560 | Zig:8    | Entered Level 8 of a ziggurat
 34577 | Zig:8    | Reached XP level 23. HP: 130/205 MP: 23/23
 34895 | Depths:4 | Noticed a golden dragon
 34899 | Depths:4 | Killed a golden dragon
 34915 | Depths:4 | Noticed a golden dragon
 34918 | Depths:4 | Noticed a golden dragon
 34923 | Depths:4 | Killed a golden dragon
 34929 | Depths:4 | Killed a golden dragon
 34945 | Depths:4 | Found a gate to the Realm of Zot.
 34983 | Zot:1    | Entered Level 1 of the Realm of Zot
 35199 | Zot:5    | Entered Level 5 of the Realm of Zot
 35366 | Zot:5    | Noticed an ancient lich
 35371 | Zot:5    | Noticed a dread lich
 35374 | Zot:5    | Noticed an orb of fire
 35389 | Zot:5    | Killed a dread lich
 35401 | Zot:5    | Noticed a Killer Klown
 35403 | Zot:5    | Noticed an ancient lich
 35404 | Zot:5    | Noticed a Killer Klown
 35405 | Zot:5    | Noticed a dread lich
 35405 | Zot:5    | Noticed a Killer Klown
 35410 | Zot:5    | Killed an ancient lich
 35414 | Zot:5    | Killed a dread lich
 35415 | Zot:5    | Killed a Killer Klown
 35418 | Zot:5    | Noticed an ancient lich
 35425 | Zot:5    | Killed an ancient lich
 35443 | Zot:5    | Noticed a Killer Klown
 35445 | Zot:5    | Noticed a Killer Klown
 35451 | Zot:5    | Noticed an ancient lich
 35455 | Zot:5    | Killed an ancient lich
 35458 | Zot:5    | Killed a Killer Klown
 35460 | Zot:5    | Noticed a dread lich
 35469 | Zot:5    | Killed a dread lich
 35472 | Zot:5    | Noticed a curse toe
 35473 | Zot:5    | Noticed an ancient lich
 35484 | Zot:5    | Killed an ancient lich
 35487 | Zot:5    | Killed a Killer Klown
 35490 | Zot:5    | Killed a curse toe
 35519 | Zot:5    | Killed a Killer Klown
 35920 | Zot:5    | Noticed an orb of fire
 35931 | Zot:5    | Killed an orb of fire
 36134 | Zot:5    | Reached XP level 24. HP: 223/223 MP: 23/23
 36324 | Zot:5    | Got the Orb of Zot
 36371 | Zot:5    | Noticed Rajaqack the pandemonium lord
 36392 | Zot:5    | Identified the +1 sling of Suqeeb {drain, rElec rN+}
 36509 | Zot:4    | Noticed Nucu the pandemonium lord
 36537 | Zot:4    | Noticed a seraph
 36804 | D:14     | Noticed Jisadwoe the pandemonium lord
 36953 | D:6      | Noticed Lotan the pandemonium lord
 36998 | D:3      | Noticed Guezuuq the pandemonium lord
 37008 | D:2      | Gained mutation: You are vulnerable to heat. (rF-) [a
                  | neqoxec]
 37069 | D:$      | Escaped with the Orb!

Illustrated notes

Levels and vault maps discovered:
D:1:      shiori_arrival_whats_in_store_for_you, layout_basic
D:2:      layout_basic, hellmonk_ecumenical_altar_inner_sanctum, basic_altar,
          serial_shops, nicolae_shop_bloodbath_and_beyond, dk_noncrumbling_3,
          minmay_liquid_box, kennysheep_generic_room_14, uniq_robin
D:3:      layout_basic, serial_forest, infiniplex_forest_straight_4,
          infiniplex_forest_straight_2, infiniplex_forest_corner_1,
          infiniplex_forest_lined_3, infiniplex_forest_corner_2,
          infiniplex_forest_clump_tiny, minmay_misc_feat_enclosed, uniq_grinder
D:4:      layout_basic
D:5:      layout_basic, minmay_temple_entry_ruins
D:6:      layout_gridville, tso_oasis_becter, gup_ossuary_entry_pyramid
D:7:      layout_rooms, serial_shops, nicolae_shop_pleasant_corner_grove,
          nicolae_shop_fire_sale [nicolae_sub_dead_trees],
          serial_library_hellmonk_double_dead_end, nicolae_elevator_lobby_plus,
          uniq_maggie, uniq_menkaure
D:8:      layout_basic, serial_shops, shop
D:9:      layout_loops_corners, erik_lair_island, minivault_25_ag
D:10:     layout_long_grid, chequers_temple_overflow_statue_of_worship,
          minivault_25, uniq_harold, uniq_sonja, uniq_erica
D:11:     layout_loops_corners, nicolae_diode_intersection, uniq_grum
D:12:     layout_gridville, orc_0_dummy
D:13:     layout_loops_corners
D:14:     kennysheep_demon_hangout, layout_cave_pools, david_vaults_3,
          serial_park_gazebo [serial_park_minivault_5x5_4], uniq_rupert
D:15:     gammafunk_enter_depths_forms, layout_small_grid,
          hangedman_abyss_or_decor_lesser_grid, hangedman_decor_riveting,
          nicolae_wu_jian_wuxing_cycle
Temple:   hellmonk_temple_divided_pantheon
Lair:1:   layout_gridlike
Lair:2:   layout_small_grid, spider_nest_entry_web_field, disabler_island
Lair:3:   layout_regular_city, nicolae_shoals_entry_roost
Lair:4:   layout_regular_city, minmay_slime_entry_oklob_open, serial_rivers,
          chequers_serial_rivers_room_b, chequers_serial_rivers_small_b,
          chequers_serial_rivers_micro_c, chequers_serial_rivers_micro_a,
          chequers_serial_rivers_small_a, serial_bayou_shore_b,
          grunt_megastairs_2, uniq_josephine
Lair:5:   grunt_lair_end_beastmaster, layout_cave_pods,
          amcnicky_mini_pool_medium
Shoals:1: layout_shoals, serial_shops, shop, uniq_aizul
Shoals:2: layout_shoals, ebering_ghost_xom
Shoals:3: layout_shoals, portal_ice_cave_entry_pillars_1, serial_shops, shop,
          shop, nicolae_shop_temple_entry_statues_fountains,
          nicolae_diamond_shop, nicolae_shoals_aquamancer_cove, uniq_mlioglotl,
          uniq_polyphemus, uniq_roxanne, uniq_kirke
Shoals:4: shoals_end_hangedman, layout_shoals
Spider:1: layout_cave_pods, nicolae_spider_solar_radiation
Spider:2: layout_spider_delve
Spider:3: layout_chambers, nicolae_spider_eight_legs
Spider:4: grunt_spider_rune_parallel
Orc:1:    layout_caves, serial_shops, nicolae_square_shop, uniq_snorg
Orc:2:    st_orc_ogre_mass, layout_diamond_mine, gauntlet_entry_generic,
          hangedman_minor_magic
Vaults:1: nicolae_vaults_shrinking_rooms_1, ontoclasm_vaults_ring_small,
          nicolae_vaults_network_periphery, nicolae_vaults_trapezoid_2,
          nicolae_vaults_closet_pinwheel_3, nicolae_vaults_diamond_1,
          nicolae_vaults_offset_grid_hallway_3, vaults_dpeg_cross,
          vaults_dpeg_emergency_exit, layout_vaults_omnicross
Vaults:2: nicolae_vaults_hexular_roomagon, nicolae_vaults_tetromino_T_1,
          nicolae_vaults_stand_back, vaults_standard_mumra_enter_the_diamond,
          nicolae_vaults_tetromino_T_2, ontoclasm_vaults_idyll,
          nicolae_vaults_two_Ls, nicolae_vaults_asterisk, v_alt_pattern_5,
          layout_vaults_quadrants, uniq_norris, uniq_bai_suzhen
Vaults:3: nicolae_vaults_ninety_degrees, hangedman_vaults_nodes, v_misc_12,
          nicolae_vaults_door_testing_chamber, vaults_room_glass_cross,
          nicolae_vaults_storage_closets_3, vaults_room_stairs_pillars,
          vaults_room_corners, nicolae_vaults_trapezoid_4,
          minmay_crypt_entry_necro_gods, nicolae_vaults_tetromino_L_2,
          layout_vaults_chaotic_city
Vaults:4: v_misc_28, vaults_room_boxed, nicolae_vaults_rhombus_6,
          v_alt_pattern_3, v_rooms_1, v_misc_2, vaults_room_door_hall,
          nicolae_vaults_big_angled_halls, nicolae_vaults_little_guard_posts,
          v_rooms_3, nicolae_vaults_little_squares_1,
          nicolae_vaults_hallways_thing, grunt_vaults_hallway_short,
          layout_vaults_maze_bifur, uniq_sojobo
Vaults:5: uniq_mara
Depths:1: kennysheep_scales, layout_gridlike, nicolae_hell_entry_big_baal_hell,
          nicolae_gozag_seed_capital, amcnicky_mini_corridor_feature,
          amcnicky_mini_rare_corridor_liquid, hangedman_abyss_or_decor_stagger,
          minmay_mirror_moons_of_madness
Depths:2: minmay_distorted_concentric_squares, layout_cross,
          rand_demon_pan_entry_5, nicolae_dithmenos_the_darkroom, pf_coc_iceberg
Depths:3: hangedman_elemental_death_ray, layout_basic, abyss_entry_crystal,
          grunt_mini_vestibule, nicolae_qazlal_eye_of_the_storm,
          infiniplex_staircase_zigzag_5, minmay_shop_grove
Depths:4: evilmike_zot_entry_diamond, layout_twisted_cross, enter_ziggurat_e,
          hell_entry, fedhas_altar_4, abyss_entry, uniq_mennas
Zot:1:    kennysheep_bubbly, layout_cellular_growth, gammafunk_ghost_necromancy,
          regret_index_zotdec_plus
Zot:2:    layout_onion, st_single_dragon_hoard_4
Zot:3:    layout_twisted_circle, gammafunk_ghost_ooze
Zot:4:    layout_onion, uniq_tiamat, uniq_josephina
Zot:5:    layout_basic

Skill      XL: |  1  2  3  4  5  6  7  8  9 10 11 12 13 14 15 16 17 18 19 20 21 22 23 |
---------------+----------------------------------------------------------------------+-----
Polearms       | 3 4 5 6 8 9 |  9.0
Fighting       | 4 5 6 7 8 14 15 19 22 26 | 26.9
Shapeshifting  | 2 3 4 6 8 11 14 16 19 21 23 25 | 25.0
Unarmed Combat | 3 6 9 11 12 14 16 19 20 21 24 26 27 | 27.0
Dodging        | 12 | 12.0
Armour         | |  2.1
Shields        | |  3.0

Action                     |  1- 3 |  4- 6 |  7- 9 | 10-12 | 13-15 | 16-18 | 19-21 | 22-24 || total
---------------------------+-------+-------+-------+-------+-------+-------+-------+-------++-------
  Melee: Trident           |    61 |   224 |   181 |       |       |       |       |       ||   466
         Demon trident     |       |       |    76 |       |       |       |       |       ||    76
         Unarmed           |       |       |    40 |   354 |   611 |   835 |   832 |   622 ||  3294
         Constrict         |       |       |     9 |    46 |       |       |       |       ||    55
         Tailslap          |       |       |       |    19 |    94 |    51 |     2 |       ||   166
         Bite              |       |       |       |    14 |    63 |    49 |       |       ||   126
         Punch             |       |       |       |     8 |    45 |    47 |       |       ||   100
 Invoke: Potion Petition   |       |       |       |     1 |       |     3 |     3 |     3 ||    10
         Call Merchant     |       |       |       |       |     5 |     1 |     2 |       ||     8
         Bribe Branch      |       |       |       |       |       |       |       |     1 ||     1
Ability: Breathe Fire      |       |       |       |    19 |    33 |    13 |       |       ||    65
  Evoke: Wand              |       |       |       |    14 |     2 |     1 |       |     6 ||    23
         Lightning rod     |       |       |       |     3 |     4 |     5 |     1 |     1 ||    14
         Phial of floods   |       |       |       |       |     1 |       |       |       ||     1
         Sack of spiders   |       |       |       |       |       |     1 |     1 |     1 ||     3
         Tin of tremorston |       |       |       |       |       |     1 |       |       ||     1
    Use: Potion            |     1 |     2 |       |     9 |       |    13 |     7 |    19 ||    51
         Scroll            |       |    12 |    10 |     4 |     3 |    14 |     8 |    27 ||    78
   Stab: Distracted        |       |       |     1 |     2 |    12 |     1 |     4 |     3 ||    23
         Invisible         |       |       |       |     4 |       |     1 |     2 |       ||     7
         Sleeping          |       |       |       |     3 |       |       |       |       ||     3
         Petrified         |       |       |       |       |     5 |       |       |       ||     5
         Petrifying        |       |       |       |       |     1 |       |       |       ||     1
 Armour: Scale mail        |    20 |   131 |   179 |       |       |       |       |       ||   330
         Skin              |       |       |    24 |   256 |   430 |  1007 |   834 |   741 ||  3292
         Steam dragon scal |       |       |     6 |       |       |       |       |       ||     6
  Dodge: Dodged            |    24 |    81 |   105 |   141 |   289 |   523 |   499 |   341 ||  2003
         Repelled          |       |       |       |       |       |       |    15 |    20 ||    35
  Block: Buckler           |     8 |    32 |    43 |       |       |   109 |    70 |       ||   262
         Tower shield      |       |       |       |       |       |       |   391 |   545 ||   936
   Form: Anaconda          |       |       |     1 |     1 |       |       |       |       ||     2
         Dragon            |       |       |       |     2 |       |     1 |       |       ||     3
         Statue            |       |       |       |       |       |     2 |       |       ||     2

Table legend: (Time is in decaauts)
 A = Elapsed time spent in this place.
 B = Non-inter-level travel time spent in this place.
 C = Inter-level travel time spent in this place.
 D = Time resting spent in this place.
 E = Time spent auto-exploring this place.
 F = Levels seen in this place.
 G = Mean time per level.
                   A        B        C        D        E       F      G
               +--------+--------+--------+--------+--------+-----+--------+
         Total |  42869 |  36472 |   6397 |   1839 |  25292 |  57 |  752.1 |
       Dungeon |  12746 |  10434 |   2312 |    383 |   7860 |  15 |  849.7 |
        Temple |    137 |    111 |     26 |    104 |      0 |   1 |  137.0 |
          Lair |   4901 |   4449 |    452 |     48 |   3521 |   5 |  980.2 |
        Shoals |   3208 |   2202 |   1006 |    129 |   1382 |   4 |  802.0 |
   Spider Nest |   3531 |   3130 |    401 |     70 |   2399 |   4 |  882.8 |
  Orcish Mines |   1606 |   1456 |    150 |    102 |    986 |   2 |  803.0 |
        Vaults |   9842 |   9095 |    747 |    399 |   6536 |   5 | 1968.4 |
        Depths |   1315 |    688 |    627 |      0 |    147 |   4 |  328.8 |
           Zot |   2371 |   1699 |    672 |    224 |    754 |   5 |  474.2 |
         Abyss |    177 |    177 |      0 |     61 |      0 |   1 |  177.0 |
      Ziggurat |   1321 |   1321 |      0 |      0 |    946 |   8 |  165.1 |
       Ossuary |    399 |    399 |      0 |      0 |    310 |   1 |  399.0 |
      Ice Cave |    776 |    776 |      0 |    183 |    243 |   1 |  776.0 |
      Gauntlet |    535 |    535 |      0 |    133 |    207 |   1 |  535.0 |
               +--------+--------+--------+--------+--------+-----+--------+

Top non-repeatable levels by time:
Vaults:5: 2873 daAuts
Vaults:3: 2000 daAuts
Vaults:2: 1983 daAuts
   Zot:5: 1818 daAuts
Vaults:4: 1630 daAuts
Spider:3: 1501 daAuts
Vaults:1: 1354 daAuts
     D:9: 1317 daAuts
    D:11: 1276 daAuts
Spider:4: 1205 daAuts
  Lair:5: 1147 daAuts
    D:15: 1094 daAuts
    D:10: 1087 daAuts
     D:4: 1031 daAuts
   Orc:2: 1026 daAuts
